Map: Habitation Station LE (Void)

Players

heymel

  • Race: Zerg Zerg
  • League: Gold
  • Spawn Location: 1:00

Fropez - Winner!

  • Race: Protoss Protoss
  • League: Gold
  • Spawn Location: 11:00

VOD

Have the link to the VOD?

Description

Time

  • Played on: Jan. 11, 2017, 6:21 p.m.
  • Length: 9:37
Show
View Real Time Build Order
Export as new Build Order

heymel Zerg 

Build Orders: Hatch First 

Get SALT Encoding   

  12  0:01  Drone  
  13  0:12  Overlord  
  13  0:17  Drone  
  14  0:32  Drone x2  
  14  0:35  Drone  
  17  0:45  Drone  
  18  0:57  Hatchery  
  18  1:00  Drone  
  18  1:02  Extractor  
  17  1:15  Spawning Pool  
  16  1:20  Drone  
  16  1:22  Drone  
  18  1:31  Drone  
  19  1:51  Hatchery  
  19  1:53  Drone  
  19  1:57  Drone  
  20  2:02  Drone  
  21  2:12  Roach Warren  
  20  2:17  Drone x2  
  22  2:28  Queen  
  24  2:38  Drone x3  
  24  2:44  Zergling x2  
  28  2:47  Overlord  
  28  3:11  Roach x5  
  38  3:17  Drone x3  
  41  3:23  Extractor  
  41  3:25  Extractor  
  39  3:33  Lair  
  39  3:34  Drone x3  
  42  3:51  Overlord  
  42  4:04  Overlord x2  
  42  4:08  Overlord x2  
  42  4:09  Queen x2  
  54  4:24  Roach x4  
  54  4:26  Drone  
  54  4:28  Overlord  
  55  4:42  Drone  
  55  4:45  Pneumatized Carapace  
  56  4:54  Roach x7  
  56  4:59  Roach x2  
  66  5:31  Drone x7  
  66  5:33  Queen  
  66  5:35  Glial Reconstitution  
  75  5:45  Ravager  
  75  5:47  Ravager  
  75  6:09  Roach x4  
  81  6:12  Drone  
  82  6:23  Hatchery  
  75  6:28  Roach x3  
  75  6:29  Overlord x3  
  81  6:35  Extractor  
  81  6:36  Extractor  
  79  6:40  Drone  
  79  6:41  Drone  
  81  6:47  Overlord x2  
  81  6:49  Roach x6  
  81  6:53  Ravager  
  81  6:54  Tunneling Claws  
  92  7:05  Spire  
  92  7:07  Roach x2  
  96  7:08  Zergling x2  
  96  7:14  Drone x2  
  98  7:19  Drone x2  
  96  7:28  Overseer  
  92  7:34  Ravager x4  
  92  7:35  Ravager  
  97  7:40  Drone x5  
  102  7:53  Drone x3  
  102  7:55  Evolution Chamber x2  
  101  8:23  Overseer  
  101  8:24  Overseer  
  101  8:28  Zergling x14  
  101  8:29  Zergling x4  
  110  8:48  Hatchery  
  108  9:12  Hydralisk Den  
  108  9:16  Drone x9  
  114  9:18  Overlord x4  
Show
View Real Time Build Order
Export as new Build Order

Fropez Protoss - Winner!

Build Orders: 1 Gate Expand 

Get SALT Encoding   

  12  0:01  Probe (Chrono Boost)  
  13  0:11  Probe (Chrono Boost)  
  14  0:21  Pylon  
  14  0:23  Probe (Chrono Boost)  
  15  0:39  Probe (Chrono Boost)  
  15  0:42  Gateway  
  16  0:47  Assimilator  
  17  0:50  Probe (Chrono Boost)  
  17  1:00  Probe (Chrono Boost)  
  18  1:11  Probe (Chrono Boost)  
  19  1:22  Nexus  
  19  1:29  Assimilator  
  19  1:37  Cybernetics Core  
  19  1:46  Probe (Chrono Boost)  
  20  1:56  Probe (Chrono Boost)  
  21  2:01  Pylon  
  21  2:07  Probe (Chrono Boost)  
  22  2:13  Assimilator, Warp Gate  
  22  2:21  Pylon  
  22  2:24  Probe (Chrono Boost)  
  22  2:27  Adept  
  25  2:36  Probe (Chrono Boost), Mothership Core (Chrono Boost)  
  28  2:45  Gateway  
  28  2:48  Probe (Chrono Boost)  
  29  2:54  Probe (Chrono Boost)  
  30  3:00  Probe (Chrono Boost)  
  30  3:05  Probe (Chrono Boost)  
  32  3:12  Pylon  
  33  3:13  Probe (Chrono Boost)  
  33  3:15  Probe (Chrono Boost)  
  33  3:16  Assimilator, Stalker  
  34  3:25  Probe (Chrono Boost)  
  37  3:32  Stalker  
  40  3:35  Probe (Chrono Boost)  
  40  3:38  Pylon  
  40  3:40  Probe (Chrono Boost)  
  41  3:45  Twilight Council  
  41  3:52  Gateway  
  41  3:55  Pylon  
  41  3:58  Probe (Chrono Boost)  
  41  4:00  Probe (Chrono Boost)  
  43  4:16  Probe (Chrono Boost)  
  43  4:17  Probe (Chrono Boost)  
  45  4:28  Pylon, Probe (Chrono Boost)  
  45  4:29  Probe (Chrono Boost)  
  47  4:32  Stalker x2  
  47  4:33  Blink  
  51  4:40  Assimilator  
  51  4:41  Probe (Chrono Boost)  
  51  4:43  Probe (Chrono Boost)  
  51  4:44  Pylon  
  54  4:53  Probe (Chrono Boost)  
  54  4:59  Robotics Facility  
  50  5:26  Stalker x2  
  48  5:35  Gateway  
  48  5:36  Gateway  
  48  5:39  Gateway  
  48  5:41  Probe (Chrono Boost)  
  48  5:42  Gateway  
  49  5:43  Gateway  
  49  5:45  Gateway  
  49  5:56  Stalker x2  
  49  5:57  Stalker  
  55  5:58  Dark Shrine  
  55  6:07  Warp Prism  
  57  6:20  Stalker  
  57  6:21  Stalker x2  
  59  6:41  Pylon  
  59  6:43  Pylon  
  59  6:45  Stalker x4  
  59  6:46  Stalker  
  69  6:50  Pylon  
  69  6:54  Pylon  
  69  6:57  Pylon  
  65  7:07  Stalker x2  
  65  7:08  Stalker x2  
  73  7:15  Dark Templar x2  
  77  7:37  Dark Templar  
  77  7:38  Dark Templar  
  81  7:50  Stalker x6  
  93  7:52  Observer  
  94  8:11  Pylon  
  90  8:23  Dark Templar x4  
  96  8:35  Stalker  
  96  8:36  Stalker x2  
  102  9:12  Nexus, Stalker x5  
  102  9:15  Observer  
  113  9:21  Pylon  
  113  9:24  Pylon  
Tags
 
Add a new tag
Caveats
  • Supply blocks, unpowered buildings, or Contaminate may cause inaccurate times.
  • Supply counts are checked every 10 seconds.